Sharks vs Flames

Created - 23 novembre 2021 at 14:45

Goals
1 2 3 T
Sharks 1 2 0 3
Flames 1 0 0 1
Shots
1 2 3 T
Sharks 13 10 12 35
Flames 19 4 13 36

1st period

1. Flames , Alex Chiasson 5 (Trevor Moore 4, Radim Simek 1) at 9:02
2. Sharks , Teuvo Teravainen 1 (Gabriel Landeskog 11, Justin Braun 4) at 12:37 (PP)

Penalties :
Juho Lammikko (SJS) for Interference (Minor) at 5:18, Drew Doughty (CAL) for Holding (Minor) at 12:06

2nd period

3. Sharks , Matt Calvert 2 (Shea Theodore 4) at 15:21
4. Sharks , Colton Sceviour 2 (Alex Pietrangelo 5, Darcy Kuemper) at 19:00

Penalties :
Brandon Montour (CAL) for Boarding (Minor) at 7:49

3rd period

No Goal

Penalties :
No Penalty

Goalie Stats

Darcy Kuemper (SJS), 35 saves from 36 shots - (0,972), W, 8-0-2, 60:00 minutes
Carey Price (CAL), 32 saves from 35 shots - (0,914), L, 1-6-0, 60:00 minutes

Players Stats for Sharks

Player Name              G  A  P  +/- PIM S  H  SB GA TA FO     MP     PP MP  PK MP  
------------------------------------------------------------------------------------
Alex Pietrangelo         0  1  1   1  0   0  2  1  0  3  0/0    23:46   1:09   1:12 
Boone Jenner             0  0  0   0  0   2  1  0  2  0  3/6    13:32   0:00   0:57 
Brett Kulak              0  0  0   0  0   1  0  0  0  1  0/0    14:50   0:00   0:00 
Colton Sceviour          1  0  1   1  0   5  0  0  0  0  0/0     9:28   0:00   0:55 
Dylan Larkin             0  0  0   0  0   2  2  1  1  1  12/20  17:50   1:00   0:00 
Gabriel Landeskog        0  1  1   0  0   4  1  1  0  0  0/0    18:51   1:30   0:00 
Jonathan Huberdeau       0  0  0   0  0   3  2  2  0  0  0/1    19:08   1:30   0:13 
Juho Lammikko            0  0  0   0  2   0  0  0  0  0  0/0    13:05   0:00   0:00 
Justin Braun             0  1  1   1  0   2  0  0  0  0  0/0    22:34   1:09   0:00 
K'Andre Miller           0  0  0   0  0   0  1  1  0  0  0/0    21:24   1:21   0:47 
Kasperi Kapanen          0  0  0   0  0   1  4  0  0  0  0/1    17:30   1:00   0:00 
Mark Borowiecki          0  0  0   0  0   1  1  1  0  0  0/0    16:02   0:00   1:12 
Matt Calvert             1  0  1   1  0   4  1  0  0  0  0/0     9:27   0:00   0:54 
Michael Raffl            0  0  0   0  0   1  5  0  0  0  0/0    13:02   0:00   0:00 
Robert Thomas            0  0  0   1  0   2  0  0  0  0  1/4     8:34   0:00   0:00 
Shea Theodore            0  1  1   0  0   1  0  2  1  1  0/0    21:24   1:21   0:47 
Sidney Crosby            0  0  0   0  0   2  1  0  0  0  10/17  18:51   1:30   0:00 
Teuvo Teravainen         1  0  1   0  0   4  2  0  1  1  0/1    18:42   1:00   0:59 

Players Stats for Flames

Player Name              G  A  P  +/- PIM S  H  SB GA TA FO     MP     PP MP  PK MP  
------------------------------------------------------------------------------------
Alex Chiasson            1  0  1   1  0   3  2  0  1  0  0/0    11:33   0:00   0:00 
Brandon Montour          0  0  0  -2  2   0  4  1  0  0  0/0    18:54   0:33   0:00 
Danton Heinen            0  0  0  -1  0   2  1  0  0  0  1/1    15:11   0:00   0:28 
David Kampf              0  0  0  -1  0   1  1  0  0  1  4/7    13:13   0:00   1:48 
David Krejci             0  0  0   0  0   3  1  0  0  0  11/25  19:07   1:09   0:00 
Drew Doughty             0  0  0   0  2   1  1  1  0  0  0/0    24:07   1:26   0:37 
Erik Brannstrom          0  0  0   1  0   1  1  1  1  0  0/0    15:46   0:33   0:00 
Jason Demers             0  0  0  -2  0   0  2  4  0  1  0/0    20:06   0:00   1:53 
Nate Thompson            0  0  0   1  0   4  2  0  0  0  2/3    10:49   0:00   0:00 
Nick Bjugstad            0  0  0  -1  0   6  2  1  1  0  0/0    12:07   0:50   0:00 
Pavel Zacha              0  0  0  -1  0   3  0  0  0  0  6/9    16:39   1:09   0:42 
Radim Simek              0  1  1   1  0   1  0  2  0  0  0/0    16:18   0:00   0:37 
Ryan Donato              0  0  0  -1  0   1  1  0  1  0  0/2    13:15   0:50   0:14 
Sam Reinhart             0  0  0   0  0   4  0  0  1  0  0/1    18:58   1:09   0:00 
Tanner Jeannot           0  0  0   0  0   2  1  1  0  1  0/1    18:38   0:50   0:00 
Trevor Moore             0  1  1   1  0   1  1  0  1  1  0/1    10:49   0:00   0:00 
Tyson Jost               0  0  0  -1  0   1  1  1  1  0  0/0    17:02   0:00   1:48 
Victor Hedman            0  0  0   0  0   2  0  2  0  1  0/0    24:56   1:26   1:53 

3 Stars

1 - Darcy Kuemper (SJS)
2 - Matt Calvert (SJS)
3 - Colton Sceviour (SJS)

Power Play

Sharks - 1 on 2 Attempt(s) - 50,00%
Flames - 0 on 1 Attempt(s) - 0,00%

Penalty Kill

Sharks - 1 on 1 Attempt(s) - 100,00% - Score 0 goal in Penalty Kill
Flames - 1 on 2 Attempt(s) - 50,00% - Score 0 goal in Penalty Kill

Team Stat

Sharks - Hits : 23 - Faceoff Wins : 26 - Blocked Shots : 9 - Penalty Minutes : 2
Flames - Hits : 21 - Faceoff Wins : 24 - Blocked Shots : 14 - Penalty Minutes : 4

Official

Referees : Garrett Rank and Marc Joannette
Linesman : Brian Mach and Stephen Drain

Game Notes

No Game Note

Finance

Level 1 -- Attendance: 4739 (78,98%) -- Ticket Income 473 900 $
Level 2 -- Attendance: 5000 (100,00%) -- Ticket Income 300 000 $
Level 3 -- Attendance: 2000 (100,00%) -- Ticket Income 70 000 $
Level 4 -- Attendance: 3968 (99,20%) -- Ticket Income 79 360 $
Luxury Box -- Attendance: 723 (72,30%) -- Ticket Income 144 600 $
Game was played at the Ghost Rider Center.
Total Attendance: 16430 (91,28%)
Total Ticket Income: 1 067 860 $
Other Income: 523 251 $
Total Income: 1 591 111 $

Sharks

5 vs 5 Forward 
   Center                   Left Wing                Right Wing               Time % Phy DF OF 
 1 Sidney Crosby            Jonathan Huberdeau       Gabriel Landeskog        34     1   2  2  
 2 Dylan Larkin             Teuvo Teravainen         Kasperi Kapanen          34     1   2  2  
 3 Boone Jenner             Juho Lammikko            Michael Raffl            25     1   2  2  
 4 Robert Thomas            Matt Calvert             Colton Sceviour          7      1   2  2  

5 vs 5 Defense 
   Defense                  Defense                                           Time % Phy DF OF 
 1 Alex Pietrangelo         Justin Braun                                      35     1   2  2  
 2 K'Andre Miller           Shea Theodore                                     34     1   2  2  
 3 Brett Kulak              Mark Borowiecki                                   25     1   2  2  
 4 Alex Pietrangelo         Justin Braun                                      6      1   2  2  

PowerPlay Forward 
   Center                   Left Wing                Right Wing               Time % Phy DF OF 
 1 Sidney Crosby            Jonathan Huberdeau       Gabriel Landeskog        52     1   2  2  
 2 Dylan Larkin             Teuvo Teravainen         Kasperi Kapanen          48     1   2  2  

PowerPlay Defense
   Defense                  Defense                                           Time % Phy DF OF 
 1 Alex Pietrangelo         Justin Braun                                      50     1   2  2  
 2 K'Andre Miller           Shea Theodore                                     50     1   2  2  

Penalty Kill 4 Players Forward 
   Center                   Wing                     Time % Phy DF OF 
 1 Boone Jenner             Colton Sceviour          50     1   2  2  
 2 Teuvo Teravainen         Matt Calvert             50     1   2  2  

Penalty Kill 4 Players Defense
   Defense                  Defense                  Time % Phy DF OF 
 1 Alex Pietrangelo         Mark Borowiecki          50     1   2  2  
 2 K'Andre Miller           Shea Theodore            50     1   2  2  

Penalty Kill - 3 Players Forward 
   Forward                                           Time % Phy DF OF 
 1 Boone Jenner                                      60     1   2  2  
 2 Michael Raffl                                     40     1   2  2  

Penalty Kill - 3 Players Defense
   Defense                  Defense                  Time % Phy DF OF 
 1 Alex Pietrangelo         Justin Braun             50     1   2  2  
 2 K'Andre Miller           Shea Theodore            50     1   2  2  

4 vs 4 Forward 
   Center                   Wing                     Time % Phy DF OF 
 1 Sidney Crosby            Jonathan Huberdeau       50     1   2  2  
 2 Gabriel Landeskog        Dylan Larkin             50     1   2  2  

4 vs 4 Defense
   Defense                  Defense                  Time % Phy DF OF 
 1 Alex Pietrangelo         Justin Braun             50     1   2  2  
 2 K'Andre Miller           Shea Theodore            50     1   2  2  

Last Minutes Offensive
   Center                   Left Wing                Right Wing               Defense                  Defense                  
   Sidney Crosby            Jonathan Huberdeau       Gabriel Landeskog        Alex Pietrangelo         Justin Braun             

Last Minutes Defensive
   Center                   Left Wing                Right Wing               Defense                  Defense                  
   Sidney Crosby            Jonathan Huberdeau       Gabriel Landeskog        Alex Pietrangelo         Justin Braun             

Goaltenders
Starting : Darcy Kuemper            
Backup : Jake Allen               

Extra Forwards
Normal : Teuvo Teravainen, Michael Raffl, Juho Lammikko - PP : Teuvo Teravainen, Michael Raffl - PK : Boone Jenner
Extra Defensemen
Normal : Alex Pietrangelo, Shea Theodore, K'Andre Miller - PP : Alex Pietrangelo - PK : Mark Borowiecki, K'Andre Miller
Penalty Shots
Sidney Crosby, Boone Jenner, Shea Theodore, Michael Raffl, Jonathan Huberdeau
Custom OT Lines Forwards
Sidney Crosby, Jonathan Huberdeau, Gabriel Landeskog, Dylan Larkin, Boone Jenner, Kasperi Kapanen, Teuvo Teravainen, Michael Raffl, Juho Lammikko, Colton Sceviour
Custom OT Lines Defensemen
Alex Pietrangelo, Justin Braun, K'Andre Miller, Shea Theodore, Mark Borowiecki

Scratches
Oliver Wahlstrom (Bruised Left Shoulder Injury), Eric Comrie (Healthy)

Flames

5 vs 5 Forward 
   Center                   Left Wing                Right Wing               Time % Phy DF OF 
 1 David Krejci             Tanner Jeannot           Sam Reinhart             37     0   1  4  
 2 Pavel Zacha              Danton Heinen            Tyson Jost               30     0   2  3  
 3 David Kampf              Ryan Donato              Nick Bjugstad            21     1   2  2  
 4 Nate Thompson            Trevor Moore             Alex Chiasson            12     1   3  1  

5 vs 5 Defense 
   Defense                  Defense                                           Time % Phy DF OF 
 1 Drew Doughty             Victor Hedman                                     38     0   3  2  
 2 Jason Demers             Brandon Montour                                   32     0   3  2  
 3 Radim Simek              Erik Brannstrom                                   26     1   3  1  
 4 Drew Doughty             Victor Hedman                                     4      0   2  3  

PowerPlay Forward 
   Center                   Left Wing                Right Wing               Time % Phy DF OF 
 1 David Krejci             Pavel Zacha              Sam Reinhart             60     0   0  5  
 2 Ryan Donato              Tanner Jeannot           Nick Bjugstad            40     0   1  4  

PowerPlay Defense
   Defense                  Defense                                           Time % Phy DF OF 
 1 Drew Doughty             Victor Hedman                                     65     0   1  4  
 2 Brandon Montour          Erik Brannstrom                                   35     0   1  4  

Penalty Kill 4 Players Forward 
   Center                   Wing                     Time % Phy DF OF 
 1 David Kampf              Tyson Jost               60     1   4  0  
 2 Pavel Zacha              Danton Heinen            40     0   4  1  

Penalty Kill 4 Players Defense
   Defense                  Defense                  Time % Phy DF OF 
 1 Jason Demers             Victor Hedman            60     1   4  0  
 2 Radim Simek              Drew Doughty             40     1   4  0  

Penalty Kill - 3 Players Forward 
   Forward                                           Time % Phy DF OF 
 1 David Kampf                                       60     0   5  0  
 2 Pavel Zacha                                       40     0   5  0  

Penalty Kill - 3 Players Defense
   Defense                  Defense                  Time % Phy DF OF 
 1 Drew Doughty             Jason Demers             60     0   5  0  
 2 Radim Simek              Victor Hedman            40     0   5  0  

4 vs 4 Forward 
   Center                   Wing                     Time % Phy DF OF 
 1 David Krejci             Sam Reinhart             60     0   2  3  
 2 Pavel Zacha              Ryan Donato              40     0   2  3  

4 vs 4 Defense
   Defense                  Defense                  Time % Phy DF OF 
 1 Brandon Montour          Victor Hedman            60     0   2  3  
 2 Erik Brannstrom          Drew Doughty             40     0   3  2  

Last Minutes Offensive
   Center                   Left Wing                Right Wing               Defense                  Defense                  
   David Krejci             Tanner Jeannot           Sam Reinhart             Drew Doughty             Victor Hedman            

Last Minutes Defensive
   Center                   Left Wing                Right Wing               Defense                  Defense                  
   David Kampf              Pavel Zacha              Tyson Jost               Jason Demers             Drew Doughty             

Goaltenders
Starting : Carey Price              
Backup : Keith Kinkaid            

Extra Forwards
Normal : Sam Reinhart, Pavel Zacha, David Krejci - PP : Sam Reinhart, Ryan Donato - PK : Danton Heinen
Extra Defensemen
Normal : Victor Hedman, Drew Doughty, Brandon Montour - PP : Victor Hedman - PK : Erik Brannstrom, Brandon Montour
Penalty Shots
Sam Reinhart, David Kampf, Ryan Donato, Pavel Zacha, Victor Hedman
Custom OT Lines Forwards
Sam Reinhart, David Krejci, Pavel Zacha, Tyson Jost, Ryan Donato, Tanner Jeannot, Danton Heinen, Alex Chiasson, Trevor Moore, David Kampf
Custom OT Lines Defensemen
Drew Doughty, Victor Hedman, Brandon Montour, Erik Brannstrom, Jason Demers

Scratches
Jan Rutta (Healthy), Anders Lee (Sore Right Knee Injury), Dustin Tokarski (Healthy)

% Time on Ice - Sharks

Lines # - Real PCT - Wanted PCT - Time Play
Normal Forward
1 - 32% - 34% - 17:49
2 - 30% - 34% - 16:34
3 - 23% - 25% - 12:35
4 - 15% - 7% - 8:33
Normal Defense
1 - 35% - 35% - 19:24
2 - 35% - 34% - 19:16
3 - 27% - 25% - 14:50
4 - 4% - 6% - 2:01
PP Forward
1 - 60% - 52% - 1:30
2 - 40% - 48% - 1:00
PP Defense
1 - 46% - 50% - 1:09
2 - 54% - 50% - 1:21
PK Forward
1 - 50% - 50% - 1:00
2 - 50% - 50% - 0:59
PK Defense
1 - 61% - 50% - 1:12
2 - 39% - 50% - 0:47
PK3 Forward
1 - 0% - 60%
2 - 0% - 40%
PK3 Defense
1 - 0% - 50%
2 - 0% - 50%
44 Forward
1 - 0% - 50%
2 - 0% - 50%
44 Defense
1 - 0% - 50%
2 - 0% - 50%
Last Minute Offensive  - 0:00
Last Minute Defensive  - 0:00
Total
Forward - 60:00
Defense - 60:00

% Time on Ice - Flames

Lines # - Real PCT - Wanted PCT - Time Play
Normal Forward
1 - 33% - 37% - 18:32
2 - 27% - 30% - 14:54
3 - 20% - 21% - 11:16
4 - 19% - 12% - 10:49
Normal Defense
1 - 38% - 38% - 21:02
2 - 34% - 32% - 18:41
3 - 27% - 26% - 15:13
4 - 1% - 4% - 0:35
PP Forward
1 - 58% - 60% - 1:09
2 - 42% - 40% - 0:50
PP Defense
1 - 72% - 65% - 1:26
2 - 28% - 35% - 0:33
PK Forward
1 - 81% - 60% - 2:02
2 - 19% - 40% - 0:28
PK Defense
1 - 75% - 60% - 1:53
2 - 25% - 40% - 0:37
PK3 Forward
1 - 0% - 60%
2 - 0% - 40%
PK3 Defense
1 - 0% - 60%
2 - 0% - 40%
44 Forward
1 - 0% - 60%
2 - 0% - 40%
44 Defense
1 - 0% - 60%
2 - 0% - 40%
Last Minute Offensive  - 0:00
Last Minute Defensive  - 0:00
Total
Forward - 60:00
Defense - 60:00

Play-by-Play

1st period


0:01 of 1st period - Sidney Crosby wins face-off versus Sam Reinhart in neutral zone.
0:58 of 1st period - Slapshot by Alex Pietrangelo.
0:58 of 1st period - Deflect By Boone Jenner.
0:58 of 1st period - Shot Misses the Net.
0:58 of 1st period - Puck is out of play.
0:59 of 1st period - Robert Thomas wins face-off versus Trevor Moore in Flames zone.
2:25 of 1st period - Icing by Michael Raffl.
2:26 of 1st period - Nate Thompson wins face-off versus Boone Jenner in Sharks zone.
2:31 of 1st period - Snap shot by Sam Reinhart.
2:31 of 1st period - Stopped by Darcy Kuemper with a rebound.
2:41 of 1st period - Snap shot by David Krejci.
2:41 of 1st period - Stopped by Darcy Kuemper without a rebound.
2:42 of 1st period - Pavel Zacha wins face-off versus Kasperi Kapanen in Sharks zone.
2:49 of 1st period - Wrist shot by Pavel Zacha.
2:49 of 1st period - Stopped by Darcy Kuemper with a rebound.
3:09 of 1st period - Tanner Jeannot is hit by Sidney Crosby and loses puck.
3:16 of 1st period - Snap shot by Sam Reinhart.
3:16 of 1st period - Shot Misses the Net.
3:52 of 1st period - Jason Demers is hit by Alex Pietrangelo and loses puck.
4:01 of 1st period - Snap shot by Matt Calvert.
4:01 of 1st period - Shot Misses the Net.
4:03 of 1st period - Snap shot by Colton Sceviour.
4:03 of 1st period - Shot Misses the Net.
4:05 of 1st period - Wrist shot by Matt Calvert.
4:05 of 1st period - Stopped by Carey Price without a rebound.
4:06 of 1st period - David Krejci wins face-off versus Dylan Larkin in Flames zone.
4:06 of 1st period - David Krejci is hit by Kasperi Kapanen.
4:18 of 1st period - Snap shot by David Krejci.
4:18 of 1st period - Shot Misses the Net.
4:36 of 1st period - Wrist shot by Gabriel Landeskog.
4:36 of 1st period - Shot Misses the Net.
4:38 of 1st period - Slapshot by Justin Braun.
4:38 of 1st period - Shot Misses the Net.
4:40 of 1st period - Slapshot by Justin Braun.
4:40 of 1st period - Shot Blocked by Radim Simek.
4:56 of 1st period - Wrist shot by Pavel Zacha.
4:56 of 1st period - Deflect By K'Andre Miller.
4:56 of 1st period - Shot Misses the Net.
4:56 of 1st period - Puck is out of play.
4:57 of 1st period - David Kampf wins face-off versus Boone Jenner in Sharks zone.
5:08 of 1st period - Wrist shot by Nick Bjugstad.
5:08 of 1st period - Stopped by Darcy Kuemper with a rebound.
5:10 of 1st period - Snap shot by David Kampf.
5:10 of 1st period - Stopped by Darcy Kuemper with a rebound.
5:12 of 1st period - Wrist shot by Nick Bjugstad.
5:12 of 1st period - Stopped by Darcy Kuemper with a rebound.
5:18 of 1st period - Minor Penalty to Juho Lammikko for Interference.
5:19 of 1st period - Boone Jenner wins face-off versus David Krejci in Sharks zone.
7:18 of 1st period - Penalty to Juho Lammikko is over, Juho Lammikko is back on ice.
7:27 of 1st period - Wrist shot by Jonathan Huberdeau.
7:27 of 1st period - Stopped by Carey Price with a rebound.
7:29 of 1st period - Slapshot by K'Andre Miller.
7:29 of 1st period - Shot Hit the Post.
7:43 of 1st period - Alex Pietrangelo is hit by Danton Heinen and loses puck.
8:03 of 1st period - Icing by Justin Braun.
8:04 of 1st period - Dylan Larkin wins face-off versus Pavel Zacha in Sharks zone.
8:13 of 1st period - Wrist shot by Jonathan Huberdeau.
8:13 of 1st period - Shot Misses the Net.
8:27 of 1st period - Slapshot by Matt Calvert.
8:27 of 1st period - Shot Misses the Net.
8:56 of 1st period - Wrist shot by Trevor Moore.
8:56 of 1st period - Shot Blocked by Dylan Larkin.
8:58 of 1st period - Slapshot by Radim Simek.
8:58 of 1st period - Stopped by Darcy Kuemper with a rebound.
9:00 of 1st period - Wrist shot by Trevor Moore.
9:00 of 1st period - Shot Misses the Net.
9:02 of 1st period - Wrist shot by Trevor Moore.
9:02 of 1st period - Deflect By Alex Chiasson.
9:02 of 1st period - Goal by Alex Chiasson - Sharks : 0 - Flames : 1.
9:03 of 1st period - Sidney Crosby wins face-off versus David Krejci in neutral zone.
9:20 of 1st period - Slapshot by Sidney Crosby.
9:20 of 1st period - Stopped by Carey Price with a rebound.
9:39 of 1st period - Snap shot by Pavel Zacha.
9:39 of 1st period - Deflect By Tyson Jost.
9:39 of 1st period - Stopped by Darcy Kuemper with a rebound.
9:41 of 1st period - Slapshot by Danton Heinen.
9:41 of 1st period - Shot Hit the Post.
10:56 of 1st period - Radim Simek is hit by Dylan Larkin and loses puck.
11:33 of 1st period - Off-side.
11:34 of 1st period - Dylan Larkin wins face-off versus Tanner Jeannot in neutral zone.
11:37 of 1st period - Snap shot by Teuvo Teravainen.
11:37 of 1st period - Shot Misses the Net.
11:45 of 1st period - Slapshot by Teuvo Teravainen.
11:45 of 1st period - Stopped by Carey Price with a rebound.
11:47 of 1st period - Backhand shot by Shea Theodore.
11:47 of 1st period - Shot Blocked by Tanner Jeannot.
11:49 of 1st period - Snap shot by Teuvo Teravainen.
11:49 of 1st period - Stopped by Carey Price without a rebound.
11:50 of 1st period - Sidney Crosby wins face-off versus David Kampf in Flames zone.
12:01 of 1st period - Wrist shot by Gabriel Landeskog.
12:01 of 1st period - Shot Blocked by Nick Bjugstad.
12:03 of 1st period - Slapshot by Justin Braun.
12:03 of 1st period - Stopped by Carey Price without a rebound.
12:04 of 1st period - David Krejci wins face-off versus Dylan Larkin in Flames zone.
12:06 of 1st period - Minor Penalty to Drew Doughty for Holding.
12:07 of 1st period - Sidney Crosby wins face-off versus David Kampf in Flames zone.
12:37 of 1st period - Slapshot by Teuvo Teravainen.
12:37 of 1st period - Goal by Teuvo Teravainen - Sharks : 1 - Flames : 1.
12:38 of 1st period - David Krejci wins face-off versus Dylan Larkin in neutral zone.
13:25 of 1st period - Shea Theodore is hit by Nick Bjugstad and loses puck.
14:09 of 1st period - Slapshot by Matt Calvert.
14:09 of 1st period - Stopped by Carey Price without a rebound.
14:10 of 1st period - David Krejci wins face-off versus Robert Thomas in Flames zone.
15:06 of 1st period - Snap shot by Kasperi Kapanen.
15:06 of 1st period - Shot Misses the Net.
16:06 of 1st period - Snap shot by Colton Sceviour.
16:06 of 1st period - Stopped by Carey Price with a rebound.
16:08 of 1st period - Snap shot by Matt Calvert.
16:08 of 1st period - Shot Blocked by Jason Demers.
16:10 of 1st period - Slapshot by Brett Kulak.
16:10 of 1st period - Stopped by Carey Price with a rebound.
16:12 of 1st period - Snap shot by Colton Sceviour.
16:12 of 1st period - Shot Misses the Net.
16:14 of 1st period - Snap shot by Colton Sceviour.
16:14 of 1st period - Stopped by Carey Price with a rebound.
16:34 of 1st period - Snap shot by Teuvo Teravainen.
16:34 of 1st period - Stopped by Carey Price with a rebound.
16:44 of 1st period - David Kampf is hit by Michael Raffl and loses puck.
16:48 of 1st period - Icing by Nick Bjugstad.
16:49 of 1st period - Sidney Crosby wins face-off versus David Kampf in Flames zone.
17:06 of 1st period - Wrist shot by Nick Bjugstad.
17:06 of 1st period - Stopped by Darcy Kuemper with a rebound.
17:08 of 1st period - Wrist shot by Radim Simek.
17:08 of 1st period - Shot Misses the Net.
17:16 of 1st period - Snap shot by Ryan Donato.
17:16 of 1st period - Shot Misses the Net.
17:20 of 1st period - Slapshot by Ryan Donato.
17:20 of 1st period - Stopped by Darcy Kuemper with a rebound.
17:22 of 1st period - Slapshot by Victor Hedman.
17:22 of 1st period - Shot Misses the Net.
17:24 of 1st period - Snap shot by Nick Bjugstad.
17:24 of 1st period - Stopped by Darcy Kuemper without a rebound.
17:25 of 1st period - Dylan Larkin wins face-off versus David Krejci in Sharks zone.
17:34 of 1st period - Snap shot by Sam Reinhart.
17:34 of 1st period - Stopped by Darcy Kuemper with a rebound.
17:36 of 1st period - Snap shot by David Krejci.
17:36 of 1st period - Stopped by Darcy Kuemper with a rebound.
17:38 of 1st period - Slapshot by Drew Doughty.
17:38 of 1st period - Shot Misses the Net.
17:40 of 1st period - Snap shot by David Krejci.
17:40 of 1st period - Shot Misses the Net.
17:50 of 1st period - Wrist shot by Trevor Moore.
17:50 of 1st period - Stopped by Darcy Kuemper with a rebound.
17:52 of 1st period - Wrist shot by Alex Chiasson.
17:52 of 1st period - Deflect By Nate Thompson.
17:52 of 1st period - Stopped by Darcy Kuemper with a rebound.
17:54 of 1st period - Wrist shot by Nate Thompson.
17:54 of 1st period - Stopped by Darcy Kuemper without a rebound.
17:55 of 1st period - Sidney Crosby wins face-off versus Nate Thompson in Sharks zone.
18:04 of 1st period - Jonathan Huberdeau is hit by Nate Thompson.
18:10 of 1st period - Snap shot by Sidney Crosby.
18:10 of 1st period - Shot Misses the Net.
18:37 of 1st period - Slapshot by Victor Hedman.
18:37 of 1st period - Shot Misses the Net.
18:57 of 1st period - Slapshot by Shea Theodore.
18:57 of 1st period - Deflect By Boone Jenner.
18:57 of 1st period - Stopped by Carey Price without a rebound.
18:58 of 1st period - Dylan Larkin wins face-off versus David Krejci in Flames zone.
19:23 of 1st period - Sidney Crosby is hit by Brandon Montour and loses puck.
19:28 of 1st period - Slapshot by Victor Hedman.
19:28 of 1st period - Shot Misses the Net.
19:30 of 1st period - Snap shot by Danton Heinen.
19:30 of 1st period - Shot Hit the Post.
19:32 of 1st period - Slapshot by Victor Hedman.
19:32 of 1st period - Deflect By Gabriel Landeskog.
19:32 of 1st period - Stopped by Darcy Kuemper without a rebound.
19:33 of 1st period - Boone Jenner wins face-off versus David Krejci in Sharks zone.
19:40 of 1st period - Sam Reinhart is hit by Michael Raffl and loses puck.
19:49 of 1st period - Snap shot by Sam Reinhart.
19:49 of 1st period - Stopped by Darcy Kuemper with a rebound.
Goals for this period are 1 for Sharks vs 1 for Flames.
Shots for this period are 13 for Sharks vs 19 for Flames.

2nd period


0:01 of 2nd period - Dylan Larkin wins face-off versus David Krejci in neutral zone.
0:26 of 2nd period - David Krejci is hit by Alex Pietrangelo and loses puck.
0:35 of 2nd period - Slapshot by Shea Theodore.
0:35 of 2nd period - Deflect By David Krejci.
0:35 of 2nd period - Stopped by Carey Price without a rebound.
0:36 of 2nd period - Pavel Zacha wins face-off versus Sidney Crosby in Flames zone.
1:52 of 2nd period - Slapshot by David Krejci.
1:52 of 2nd period - Shot Misses the Net.
1:54 of 2nd period - Slapshot by Jason Demers.
1:54 of 2nd period - Shot Misses the Net.
1:56 of 2nd period - Snap shot by Sam Reinhart.
1:56 of 2nd period - Shot Hit the Post.
1:58 of 2nd period - Wrist shot by Sam Reinhart.
1:58 of 2nd period - Shot Blocked by Mark Borowiecki.
2:00 of 2nd period - Wrist shot by Sam Reinhart.
2:00 of 2nd period - Shot Misses the Net.
2:57 of 2nd period - Icing by Nate Thompson.
2:58 of 2nd period - Nate Thompson wins face-off versus Dylan Larkin in Flames zone.
3:32 of 2nd period - Snap shot by Gabriel Landeskog.
3:32 of 2nd period - Shot Blocked by Jason Demers.
3:50 of 2nd period - Slapshot by Pavel Zacha.
3:50 of 2nd period - Stopped by Darcy Kuemper without a rebound.
3:51 of 2nd period - Pavel Zacha wins face-off versus Dylan Larkin in Sharks zone.
4:40 of 2nd period - Nick Bjugstad is hit by Michael Raffl and loses puck.
5:01 of 2nd period - Trevor Moore is hit by Kasperi Kapanen and loses puck.
5:08 of 2nd period - Brett Kulak is hit by Alex Chiasson and loses puck.
5:19 of 2nd period - Snap shot by Colton Sceviour.
5:19 of 2nd period - Shot Blocked by Drew Doughty.
5:21 of 2nd period - Wrist shot by Colton Sceviour.
5:21 of 2nd period - Stopped by Carey Price with a rebound.
5:23 of 2nd period - Wrist shot by Colton Sceviour.
5:23 of 2nd period - Stopped by Carey Price with a rebound.
5:25 of 2nd period - Wrist shot by Robert Thomas.
5:25 of 2nd period - Shot Misses the Net.
5:27 of 2nd period - Backhand shot by Mark Borowiecki.
5:27 of 2nd period - Stopped by Carey Price without a rebound.
5:28 of 2nd period - David Krejci wins face-off versus Sidney Crosby in Flames zone.
6:45 of 2nd period - Off-side.
6:46 of 2nd period - David Krejci wins face-off versus Robert Thomas in neutral zone.
7:26 of 2nd period - Snap shot by Nick Bjugstad.
7:26 of 2nd period - Deflect By Ryan Donato.
7:26 of 2nd period - Shot Misses the Net.
7:26 of 2nd period - Puck is out of play.
7:27 of 2nd period - Dylan Larkin wins face-off versus Ryan Donato in Sharks zone.
7:27 of 2nd period - Dylan Larkin is hit by Jason Demers.
7:35 of 2nd period - Slapshot by Dylan Larkin.
7:35 of 2nd period - Stopped by Carey Price with a rebound.
7:37 of 2nd period - Snap shot by Dylan Larkin.
7:37 of 2nd period - Shot Misses the Net.
7:39 of 2nd period - Slapshot by Kasperi Kapanen.
7:39 of 2nd period - Shot Misses the Net.
7:49 of 2nd period - Minor Penalty to Brandon Montour for Boarding.
7:50 of 2nd period - David Kampf wins face-off versus Sidney Crosby in Flames zone.
8:57 of 2nd period - Justin Braun is hit by Jason Demers and loses puck.
9:05 of 2nd period - Icing by Justin Braun.
9:06 of 2nd period - Dylan Larkin wins face-off versus Ryan Donato in Sharks zone.
9:22 of 2nd period - Icing by Jonathan Huberdeau.
9:23 of 2nd period - David Kampf wins face-off versus Sidney Crosby in Sharks zone.
9:48 of 2nd period - Dylan Larkin is hit by David Kampf and loses puck.
9:49 of 2nd period - Penalty to Brandon Montour is over, Brandon Montour is back on ice.
10:25 of 2nd period - Jonathan Huberdeau is hit by Brandon Montour and loses puck.
10:44 of 2nd period - Teuvo Teravainen is hit by Ryan Donato and loses puck.
11:39 of 2nd period - Michael Raffl is hit by Trevor Moore and loses puck.
12:05 of 2nd period - Snap shot by Gabriel Landeskog.
12:05 of 2nd period - Shot Blocked by Tyson Jost.
12:23 of 2nd period - Slapshot by Ryan Donato.
12:23 of 2nd period - Shot Misses the Net.
12:43 of 2nd period - Mark Borowiecki is hit by Nate Thompson.
13:41 of 2nd period - Slapshot by Shea Theodore.
13:41 of 2nd period - Shot Misses the Net.
14:23 of 2nd period - Icing by Alex Pietrangelo.
14:24 of 2nd period - Dylan Larkin wins face-off versus David Krejci in Sharks zone.
14:31 of 2nd period - Teuvo Teravainen is hit by Tanner Jeannot and loses puck.
14:58 of 2nd period - Slapshot by Gabriel Landeskog.
14:58 of 2nd period - Stopped by Carey Price with a rebound.
15:00 of 2nd period - Wrist shot by Jonathan Huberdeau.
15:00 of 2nd period - Shot Misses the Net.
15:02 of 2nd period - Slapshot by Justin Braun.
15:02 of 2nd period - Stopped by Carey Price with a rebound.
15:21 of 2nd period - Wrist shot by Matt Calvert.
15:21 of 2nd period - Goal by Matt Calvert - Sharks : 2 - Flames : 1.
15:22 of 2nd period - Sidney Crosby wins face-off versus David Krejci in neutral zone.
15:36 of 2nd period - K'Andre Miller is hit by David Krejci and loses puck.
15:47 of 2nd period - Danton Heinen is hit by Kasperi Kapanen and loses puck.
16:55 of 2nd period - Slapshot by Jonathan Huberdeau.
16:55 of 2nd period - Shot Misses the Net.
16:57 of 2nd period - Snap shot by Sidney Crosby.
16:57 of 2nd period - Shot Blocked by Jason Demers.
16:59 of 2nd period - Wrist shot by Gabriel Landeskog.
16:59 of 2nd period - Stopped by Carey Price with a rebound.
17:13 of 2nd period - Wrist shot by Danton Heinen.
17:13 of 2nd period - Shot Misses the Net.
17:37 of 2nd period - Backhand shot by Ryan Donato.
17:37 of 2nd period - Shot Misses the Net.
18:05 of 2nd period - Snap shot by David Krejci.
18:05 of 2nd period - Shot Misses the Net.
18:26 of 2nd period - Snap shot by Danton Heinen.
18:26 of 2nd period - Shot Misses the Net.
18:46 of 2nd period - Wrist shot by Alex Chiasson.
18:46 of 2nd period - Stopped by Darcy Kuemper with a rebound.
18:48 of 2nd period - Wrist shot by Nate Thompson.
18:48 of 2nd period - Stopped by Darcy Kuemper with a rebound.
19:00 of 2nd period - Wrist shot by Colton Sceviour.
19:00 of 2nd period - Goal by Colton Sceviour - Sharks : 3 - Flames : 1.
19:01 of 2nd period - David Krejci wins face-off versus Sidney Crosby in neutral zone.
19:28 of 2nd period - Victor Hedman is hit by Teuvo Teravainen.
19:34 of 2nd period - Wrist shot by Pavel Zacha.
19:34 of 2nd period - Shot Misses the Net.
19:36 of 2nd period - Snap shot by Erik Brannstrom.
19:36 of 2nd period - Shot Blocked by Shea Theodore.
19:38 of 2nd period - Slapshot by Erik Brannstrom.
19:38 of 2nd period - Deflect By Dylan Larkin.
19:38 of 2nd period - Stopped by Darcy Kuemper without a rebound.
19:39 of 2nd period - Boone Jenner wins face-off versus David Krejci in Sharks zone.
19:52 of 2nd period - Tanner Jeannot is hit by Michael Raffl and loses puck.
Goals for this period are 2 for Sharks vs 0 for Flames.
Shots for this period are 10 for Sharks vs 4 for Flames.

3rd period


0:01 of 3rd period - Sidney Crosby wins face-off versus David Krejci in neutral zone.
0:36 of 3rd period - Snap shot by Boone Jenner.
0:36 of 3rd period - Shot Misses the Net.
0:38 of 3rd period - Snap shot by Boone Jenner.
0:38 of 3rd period - Stopped by Carey Price without a rebound.
0:39 of 3rd period - Pavel Zacha wins face-off versus Sidney Crosby in Flames zone.
0:39 of 3rd period - Pavel Zacha is hit by Jonathan Huberdeau.
0:51 of 3rd period - Slapshot by Pavel Zacha.
0:51 of 3rd period - Deflect By Danton Heinen.
0:51 of 3rd period - Stopped by Darcy Kuemper with a rebound.
0:53 of 3rd period - Snap shot by Pavel Zacha.
0:53 of 3rd period - Stopped by Darcy Kuemper with a rebound.
0:55 of 3rd period - Snap shot by Pavel Zacha.
0:55 of 3rd period - Shot Blocked by Jonathan Huberdeau.
1:26 of 3rd period - Alex Chiasson is hit by Michael Raffl and loses puck.
1:30 of 3rd period - Radim Simek is hit by K'Andre Miller and loses puck.
1:53 of 3rd period - Wrist shot by Robert Thomas.
1:53 of 3rd period - Stopped by Carey Price with a rebound.
1:55 of 3rd period - Wrist shot by Robert Thomas.
1:55 of 3rd period - Shot Blocked by Victor Hedman.
1:57 of 3rd period - Wrist shot by Matt Calvert.
1:57 of 3rd period - Shot Misses the Net.
2:13 of 3rd period - Wrist shot by Jonathan Huberdeau.
2:13 of 3rd period - Stopped by Carey Price with a rebound.
2:31 of 3rd period - Snap shot by Nick Bjugstad.
2:31 of 3rd period - Stopped by Darcy Kuemper without a rebound.
2:32 of 3rd period - Dylan Larkin wins face-off versus David Krejci in Sharks zone.
2:37 of 3rd period - Wrist shot by Teuvo Teravainen.
2:37 of 3rd period - Shot Blocked by Brandon Montour.
2:43 of 3rd period - Teuvo Teravainen is hit by Brandon Montour and loses puck.
2:58 of 3rd period - Pavel Zacha is hit by Gabriel Landeskog and loses puck.
3:47 of 3rd period - Wrist shot by Robert Thomas.
3:47 of 3rd period - Shot Misses the Net.
3:51 of 3rd period - Snap shot by Matt Calvert.
3:51 of 3rd period - Shot Misses the Net.
3:53 of 3rd period - Snap shot by Matt Calvert.
3:53 of 3rd period - Stopped by Carey Price without a rebound.
3:54 of 3rd period - David Krejci wins face-off versus Teuvo Teravainen in Flames zone.
4:09 of 3rd period - Backhand shot by Sam Reinhart.
4:09 of 3rd period - Shot Misses the Net.
4:40 of 3rd period - Snap shot by Nick Bjugstad.
4:40 of 3rd period - Stopped by Darcy Kuemper with a rebound.
4:42 of 3rd period - Slapshot by Radim Simek.
4:42 of 3rd period - Shot Misses the Net.
4:44 of 3rd period - Slapshot by Nick Bjugstad.
4:44 of 3rd period - Deflect By Ryan Donato.
4:44 of 3rd period - Shot Misses the Net.
4:44 of 3rd period - Puck is out of play.
4:45 of 3rd period - Dylan Larkin wins face-off versus David Krejci in Sharks zone.
4:50 of 3rd period - Snap shot by Dylan Larkin.
4:50 of 3rd period - Shot Misses the Net.
4:52 of 3rd period - Wrist shot by Dylan Larkin.
4:52 of 3rd period - Stopped by Carey Price without a rebound.
4:53 of 3rd period - David Krejci wins face-off versus Dylan Larkin in Flames zone.
4:58 of 3rd period - Slapshot by Sam Reinhart.
4:58 of 3rd period - Shot Blocked by Alex Pietrangelo.
5:25 of 3rd period - Backhand shot by Dylan Larkin.
5:25 of 3rd period - Deflect By Kasperi Kapanen.
5:25 of 3rd period - Stopped by Carey Price without a rebound.
5:26 of 3rd period - Sidney Crosby wins face-off versus Pavel Zacha in Flames zone.
5:38 of 3rd period - Off-side.
5:39 of 3rd period - Sidney Crosby wins face-off versus Pavel Zacha in neutral zone.
5:42 of 3rd period - Snap shot by Gabriel Landeskog.
5:42 of 3rd period - Stopped by Carey Price without a rebound.
5:43 of 3rd period - Pavel Zacha wins face-off versus Sidney Crosby in Flames zone.
5:48 of 3rd period - Slapshot by Victor Hedman.
5:48 of 3rd period - Shot Misses the Net.
5:54 of 3rd period - Snap shot by Sidney Crosby.
5:54 of 3rd period - Stopped by Carey Price with a rebound.
5:56 of 3rd period - Slapshot by Justin Braun.
5:56 of 3rd period - Shot Blocked by Victor Hedman.
5:58 of 3rd period - Snap shot by Jonathan Huberdeau.
5:58 of 3rd period - Stopped by Carey Price with a rebound.
6:00 of 3rd period - Snap shot by Gabriel Landeskog.
6:00 of 3rd period - Stopped by Carey Price with a rebound.
7:00 of 3rd period - Off-side.
7:01 of 3rd period - David Krejci wins face-off versus Jonathan Huberdeau in neutral zone.
7:06 of 3rd period - Shea Theodore is hit by Brandon Montour and loses puck.
7:41 of 3rd period - Icing by Jason Demers.
7:42 of 3rd period - David Krejci wins face-off versus Dylan Larkin in Flames zone.
8:14 of 3rd period - Wrist shot by Sam Reinhart.
8:14 of 3rd period - Stopped by Darcy Kuemper with a rebound.
8:16 of 3rd period - Backhand shot by Brandon Montour.
8:16 of 3rd period - Shot Misses the Net.
8:18 of 3rd period - Snap shot by Tanner Jeannot.
8:18 of 3rd period - Stopped by Darcy Kuemper with a rebound.
8:20 of 3rd period - Slapshot by Brandon Montour.
8:20 of 3rd period - Shot Misses the Net.
8:22 of 3rd period - Slapshot by Tanner Jeannot.
8:22 of 3rd period - Stopped by Darcy Kuemper with a rebound.
8:24 of 3rd period - Slapshot by David Krejci.
8:24 of 3rd period - Stopped by Darcy Kuemper with a rebound.
8:48 of 3rd period - Wrist shot by Sam Reinhart.
8:48 of 3rd period - Deflect By Jonathan Huberdeau.
8:48 of 3rd period - Shot Blocked by Jonathan Huberdeau.
8:48 of 3rd period - Puck is out of play.
8:49 of 3rd period - Pavel Zacha wins face-off versus Dylan Larkin in Sharks zone.
8:50 of 3rd period - Snap shot by Danton Heinen.
8:50 of 3rd period - Stopped by Darcy Kuemper with a rebound.
9:05 of 3rd period - Victor Hedman is hit by Teuvo Teravainen.
9:36 of 3rd period - Matt Calvert is hit by Alex Chiasson and loses puck.
10:09 of 3rd period - Danton Heinen is hit by Boone Jenner and loses puck.
10:34 of 3rd period - Snap shot by Jonathan Huberdeau.
10:34 of 3rd period - Shot Blocked by Erik Brannstrom.
10:36 of 3rd period - Snap shot by Alex Pietrangelo.
10:36 of 3rd period - Shot Misses the Net.
10:38 of 3rd period - Backhand shot by Sidney Crosby.
10:38 of 3rd period - Shot Blocked by Radim Simek.
10:45 of 3rd period - Icing by David Kampf.
10:46 of 3rd period - David Kampf wins face-off versus Robert Thomas in Flames zone.
11:15 of 3rd period - Slapshot by Alex Chiasson.
11:15 of 3rd period - Shot Misses the Net.
11:19 of 3rd period - Snap shot by Alex Chiasson.
11:19 of 3rd period - Shot Misses the Net.
11:21 of 3rd period - Slapshot by Nate Thompson.
11:21 of 3rd period - Shot Misses the Net.
11:23 of 3rd period - Wrist shot by Alex Chiasson.
11:23 of 3rd period - Stopped by Darcy Kuemper without a rebound.
11:24 of 3rd period - Dylan Larkin wins face-off versus David Krejci in Sharks zone.
12:13 of 3rd period - Slapshot by Victor Hedman.
12:13 of 3rd period - Shot Blocked by Gabriel Landeskog.
12:15 of 3rd period - Snap shot by Nick Bjugstad.
12:15 of 3rd period - Shot Misses the Net.
12:47 of 3rd period - Trevor Moore is hit by Kasperi Kapanen and loses puck.
13:35 of 3rd period - Snap shot by Alex Chiasson.
13:35 of 3rd period - Shot Misses the Net.
13:37 of 3rd period - Slapshot by Victor Hedman.
13:37 of 3rd period - Stopped by Darcy Kuemper with a rebound.
13:39 of 3rd period - Wrist shot by Drew Doughty.
13:39 of 3rd period - Stopped by Darcy Kuemper with a rebound.
13:41 of 3rd period - Snap shot by Nate Thompson.
13:41 of 3rd period - Deflect By Alex Chiasson.
13:41 of 3rd period - Shot Misses the Net.
13:41 of 3rd period - Puck is out of play.
13:42 of 3rd period - Dylan Larkin wins face-off versus David Krejci in Sharks zone.
13:47 of 3rd period - Dylan Larkin is hit by Erik Brannstrom.
14:07 of 3rd period - Jonathan Huberdeau is hit by Tyson Jost and loses puck.
14:12 of 3rd period - Snap shot by Danton Heinen.
14:12 of 3rd period - Shot Blocked by Shea Theodore.
14:14 of 3rd period - Snap shot by Erik Brannstrom.
14:14 of 3rd period - Shot Misses the Net.
14:16 of 3rd period - Slapshot by Radim Simek.
14:16 of 3rd period - Shot Blocked by K'Andre Miller.
14:18 of 3rd period - Snap shot by Danton Heinen.
14:18 of 3rd period - Shot Misses the Net.
15:51 of 3rd period - David Krejci is hit by Matt Calvert and loses puck.
16:54 of 3rd period - Slapshot by Trevor Moore.
16:54 of 3rd period - Deflect By Nate Thompson.
16:54 of 3rd period - Stopped by Darcy Kuemper with a rebound.
17:04 of 3rd period - Tanner Jeannot is hit by Mark Borowiecki and loses puck.
17:13 of 3rd period - Slapshot by Robert Thomas.
17:13 of 3rd period - Stopped by Carey Price with a rebound.
17:15 of 3rd period - Snap shot by Robert Thomas.
17:15 of 3rd period - Deflect By Colton Sceviour.
17:15 of 3rd period - Shot Blocked by Jason Demers.
17:15 of 3rd period - Puck is out of play.
17:16 of 3rd period - Danton Heinen wins face-off versus Boone Jenner in Flames zone.
17:31 of 3rd period - Snap shot by Michael Raffl.
17:31 of 3rd period - Stopped by Carey Price with a rebound.
17:41 of 3rd period - Shea Theodore is hit by Nick Bjugstad and loses puck.
18:06 of 3rd period - Tanner Jeannot is hit by Dylan Larkin and loses puck.
18:27 of 3rd period - Erik Brannstrom is hit by Jonathan Huberdeau and loses puck.
19:18 of 3rd period - Shea Theodore is hit by Drew Doughty and loses puck.
Goals for this period are 0 for Sharks vs 0 for Flames.
Shots for this period are 12 for Sharks vs 13 for Flames.